 Dungeon Crawl Stone Soup version 0.19.0-22-gd96e5fe (webtiles) character file.

14596 Monsterracer the Thaumaturge (level 11, -1/64 HPs)
             Began as a Deep Elf Fire Elementalist on Nov 18, 2016.
             Was an Elder of Vehumet.
             Slain by a yak (4 damage)
             ... on level 1 of the Lair of Beasts on Nov 19, 2016.
             The game lasted 01:15:37 (17093 turns).

Monsterracer the Thaumaturge (DEFE)                Turns: 17093, Time: 01:15:38

Health: -1/64      AC:  8    Str: 10    XL:     11   Next: 90%
Magic:  3/27       EV:  2    Int: 24    God:    Vehumet [****..]
Gold:   719        SH:  0    Dex: 15    Spells: 6 memorised, 9 levels left

rFire  . . .     SeeInvis .     t - +3 dagger (venom)
rCold  . . .     Gourm    .     a - +0 steam dragon scales
rNeg   + + +     Faith    .     v - +0 buckler
rPois  ∞         Spirit   .     (no helmet)
rElec  .         Reflect  +     (no cloak)
rCorr  +         Harm     .     h - +0 pair of gloves of Vemio {Str+5}
MR     ++...                    j - +1 pair of boots
Stlth  ++........               A - +4 amulet of reflection
                                z - ring of resist corrosion
                                i - ring of protection from magic

@: petrified, repel missiles
A: no striking features
a: Renounce Religion


You were on level 1 of the Lair of Beasts.
You worshipped Vehumet.
Vehumet was greatly pleased with you.
You were very hungry.

You visited 3 branches of the dungeon, and saw 13 of its levels.
You also visited: Sewer.

You collected 719 gold pieces.

Inventory:

Hand Weapons
 t - a +3 dagger of venom (weapon)
Armour
 a - +0 steam dragon scales (worn)
 h - the +0 pair of gloves of Vemio (worn) {Str+5}
   (You found it on level 10 of the Dungeon)

   It affects your strength (+5).
 j - a +1 pair of boots (worn)
 v - a +0 buckler (worn)
Jewellery
 i - a ring of protection from magic (left hand)
 y - an uncursed ring of positive energy
 z - a ring of resist corrosion (right hand)
 A - a +4 amulet of reflection (around neck)
Wands
 r - a wand of paralysis (12/24)
 s - a wand of digging (12/24)
Scrolls
 d - 2 scrolls of enchant armour
 m - 2 scrolls of enchant weapon
 p - 2 scrolls of remove curse
 q - 4 scrolls of identify
 w - a scroll of magic mapping
 C - a scroll of fog
Potions
 b - 2 potions of cancellation
 e - a potion of ambrosia
 g - a potion of invisibility
 k - a potion of flight
 n - 2 potions of heal wounds
 o - 3 potions of curing
 x - 2 potions of haste
 B - a potion of brilliance
Comestibles
 c - 10 bread rations
 f - 9 beef jerkies
 u - 2 slices of pizza


   Skills:
 + Level 5.5 Fighting
 + Level 6.0 Short Blades
 + Level 7.9 Dodging
 - Level 2.4 Stealth
 - Level 3.0 Shields
 * Level 10.7 Spellcasting
 * Level 10.4 Conjurations
 - Level 1.1 Charms
 * Level 10.7 Fire Magic


You had 9 spell levels left.
You knew the following spells:

 Your Spells              Type           Power        Failure   Level  Hunger
a - Flame Tongue          Conj/Fire      #####        1%          1    None
b - Conjure Flame         Conj/Fire      ######..     1%          3    None
c - Sticky Flame          Conj/Fire      ######..     1%          4    None
d - Fireball              Conj/Fire      ######....   1%          5    ####...
e - Repel Missiles        Chrm/Air       ###...       10%         2    None
f - Orb of Destruction    Conj           ######....   24%         7    #######


Dungeon Overview and Level Annotations

Branches:
Dungeon (11/15)            Temple (1/1) D:4            Lair (1/6) D:11
    Orc (0/2) D:9

Altars:
Ashenzari
Cheibriados
Dithmenos
Elyvilon
Fedhas
Gozag
Hepliaklqana
Kikubaaqudgha
Makhleb
Nemelex Xobeh
Okawaru
Qazlal
Ru
Sif Muna
Trog
Uskayaw
Vehumet
Xom
Yredelemnul
Zin
The Shining One
Beogh

Shops:
D:5 [}(}


Message History

Found 22 gold pieces.
You have turned to stone.
The yak gores you!
* * * LOW HITPOINT WARNING * * *
The yak gores you.
* * * LOW HITPOINT WARNING * * *
The yak gores you. The basilisk gazes at you. You resist with almost no effort.
The yak barely misses you. The yak gores you!
* * * LOW HITPOINT WARNING * * *
The basilisk bites you but does no damage.
The yak gores you!
* * * LOW HITPOINT WARNING * * *
The basilisk bites you.
* * * LOW HITPOINT WARNING * * *
The yak gores you. The basilisk barely misses you. The yak gores you!
You die...

.......?.##..........#..##.
........#.#...#####.....# #
.......####...P# #.##...#
........# #...## #####....
.........###..# #...
#..#.......#..## ##.
#..#.......#...## .
#.....Y....# ##"..@l....#
##.........# ##.........#
...........# ####.........
.≈........ ≈≈≈$.....
≈≈≈....


You could see a yak and a basilisk.

Vanquished Creatures
  A centaur warrior (D:10)
  An unseen horror (D:11)
  The ghost of dobroeutro the Basher, a novice GrFi of Okawaru (D:9)
  2 spiny frogs (Lair:1)
  A gargoyle (D:11)
  A komodo dragon (Lair:1)
  3 trolls
  Grinder (D:5)
  6 two-headed ogres
  2 hippogriffs
  A wraith (D:9)
  14 yaks
  2 steam dragons
  A hungry ghost (D:8)
  A water moccasin (Lair:1)
  3 wargs (D:11)
  13 orc warriors
  A black bear (D:6)
  2 ice beasts
  4 phantoms
  A necrophage (D:10)
  2 centaurs
  5 ogres
  4 big kobolds (D:6)
  3 crocodiles
  Blork the orc (D:4)
  6 bullfrogs
  A gnoll sergeant (D:10)
  4 scorpions
  9 wights (D:7)
  5 killer bees
  4 howler monkeys
  A centaur zombie (D:8)
  5 crimson imps
  A quasit (D:8)
  6 hounds
  3 jellies
  8 orc priests
  13 orc wizards
  5 iguanas
  11 worker ants
  A hound skeleton (D:6)
  A worker ant zombie (D:6)
  9 gnolls
  13 adders
  2 river rats (D:3)
  4 shadow imps
  An adder zombie (D:5)
  3 adder skeletons
  5 worms
  4 dart slugs
  5 leopard geckos
  63 orcs
  2 ball pythons
  10 bats
  6 giant cockroaches
  6 goblins
  11 hobgoblins
  11 jackals
  5 quokkas
  12 frilled lizards
  18 kobolds
  A leopard gecko skeleton (D:7)
  A quokka skeleton (D:5)
  A quokka zombie (D:5)
  10 rats
364 creatures vanquished.

Notes
Turn   | Place    | Note
-------+----------+-------------------------------------------
     0 | D:1      | Monsterracer the Deep Elf Fire Elementalist began the quest for the Orb.
     0 | D:1      | Reached XP level 1. HP: 10/10 MP: 6/6
   122 | D:1      | Found a shattered altar of Ashenzari.
   144 | D:1      | Reached XP level 2. HP: 15/15 MP: 6/8
  1277 | D:2      | Reached XP level 3. HP: 18/19 MP: 6/9
  1337 | D:2      | Learned a level 3 spell: Conjure Flame
  1880 | D:2      | Reached XP level 4. HP: 21/24 MP: 5/10
  1935 | D:2      | Learned a level 4 spell: Sticky Flame
  2509 | D:3      | Found a glowing drain.
  2532 | Sewer    | Entered a sewer
  2596 | Sewer    | Noticed a crocodile
  2603 | Sewer    | Killed a crocodile
  2603 | Sewer    | Reached skill level 1 in Fighting
  2603 | Sewer    | Reached XP level 5. HP: 29/29 MP: 4/12
  2750 | D:3      | Reached skill level 1 in Short Blades
  3208 | D:3      | Reached skill level 5 in Fire Magic
  3208 | D:3      | Reached XP level 6. HP: 34/34 MP: 10/13
  3855 | D:4      | Found a staircase to the Ecumenical Temple.
  4361 | Temple   | Entered the Ecumenical Temple
  4499 | Temple   | Became a worshipper of Vehumet
  4585 | D:4      | Learned a level 5 spell: Fireball
  4785 | D:4      | Noticed Blork the orc
  4794 | D:4      | Killed Blork the orc
  4794 | D:4      | Reached XP level 7. HP: 25/38 MP: 5/15
  4902 | D:4      | Reached skill level 5 in Conjurations
  5058 | D:5      | Entered Level 5 of the Dungeon
  5058 | D:5      | Noticed Grinder
  5064 | D:5      | Paralysed by Grinder for 3 turns
  5069 | D:5      | Paralysed by Grinder for 2 turns
  5072 | D:5      | Killed Grinder
  5151 | D:5      | Found Igeudetewn's Gadget Emporium.
  5299 | D:5      | Found Cevyfonk's Weapon Emporium.
  5825 | D:5      | Found Zejod's Gadget Shop.
  5841 | D:5      | Reached * piety under Vehumet
  5841 | D:5      | Offered knowledge of Shock by Vehumet.
  5841 | D:5      | Reached XP level 8. HP: 44/44 MP: 11/17
  5843 | D:5      | Found Zukleib's Antique Armour Boutique.
  6554 | D:6      | Reached skill level 5 in Spellcasting
  6793 | D:6      | Reached skill level 1 in Shields
  7317 | D:6      | Learned a level 2 spell: Repel Missiles
  7961 | D:7      | HP: 2/45 [centaur/arrow (2)]
  7964 | D:7      | Reached XP level 9. HP: 38/50 MP: 13/19
  8074 | D:6      | Reached skill level 5 in Dodging
  8255 | D:6      | Reached skill level 1 in Charms
  8449 | D:7      | Reached ** piety under Vehumet
  8449 | D:7      | Offered knowledge of Searing Ray by Vehumet.
  8867 | D:7      | Learned a level 1 spell: Flame Tongue
  9204 | D:7      | Offered knowledge of Throw Frost by Vehumet.
 10312 | D:8      | Reached XP level 10. HP: 53/56 MP: 6/23
 10318 | D:8      | Reached *** piety under Vehumet
 10615 | D:9      | Found a roughly hewn altar of Beogh.
 10616 | D:9      | Found a staircase to the Orcish Mines.
 11129 | D:8      | Offered knowledge of Ignite Poison by Vehumet.
 11428 | D:9      | Noticed dobroeutro's ghost (novice GrFi)
 12150 | D:8      | HP: 1/56 [orc warrior/enchanted dire flail (13)]
 12378 | D:9      | Reached **** piety under Vehumet
 12722 | D:10     | Entered Level 10 of the Dungeon
 12735 | D:10     | Offered knowledge of Lee's Rapid Deconstruction by Vehumet.
 13134 | D:10     | Reached skill level 5 in Short Blades
 13304 | D:10     | Noticed a centaur warrior
 13310 | D:10     | Killed a centaur warrior
 13310 | D:10     | Reached XP level 11. HP: 53/62 MP: 3/26
 14160 | D:10     | Got a pair of faintly humming gloves
 14166 | D:10     | Identified the +0 pair of gloves of Vemio {Str+5} (You found it on level 10 of the Dungeon)
 14295 | D:9      | Killed dobroeutro's ghost
 14295 | D:9      | Reached skill level 10 in Fire Magic
 14688 | D:11     | Found a staircase to the Lair.
 14871 | D:11     | Reached skill level 5 in Fighting
 14880 | D:11     | Got a bronze scale mail
 14891 | D:11     | Identified the +2 scale mail of the Volcano {Dex+3} (You found it on level 11 of the Dungeon)
 14942 | D:11     | Reached skill level 10 in Spellcasting
 15178 | D:11     | Noticed an unseen horror
 15179 | D:11     | Killed an unseen horror
 15912 | D:11     | Reached ***** piety under Vehumet
 16040 | D:11     | Offered knowledge of Orb of Destruction by Vehumet.
 16054 | D:11     | Reached skill level 10 in Conjurations
 16126 | D:11     | Learned a level 7 spell: Orb of Destruction
 16756 | Lair:1   | Entered Level 1 of the Lair of Beasts
 17091 | Lair:1   | HP: 3/64 [basilisk (3)]
 17093 | Lair:1   | Slain by a yak

Skill      XL: |  1  2  3  4  5  6  7  8  9 10 11 |
---------------+----------------------------------+-----
Conjurations   | 2 3 4 5 6 8 9 10 | 10.4
Fire Magic     | 4 5 6 7 8 9 10 | 10.7
Fighting       | 1 2 3 4 5 |  5.5
Short Blades   | 1 2 3 4 5 6 |  6.0
Dodging        | 3 4 5 6 7 |  7.9
Spellcasting   | 4 5 7 9 10 | 10.7
Shields        | 1 2 3 |  3.0
Charms         | 1 |  1.1
Stealth        | |  2.4

Action                   |  1- 3 |  4- 6 |  7- 9 | 10-12 || total
-------------------------+-------+-------+-------+-------++-------
Melee: Unarmed           |    10 |       |       |       ||    10
       Short sword       |       |     8 |       |       ||     8
       Dagger            |       |       |   152 |    99 ||   251
 Cast: Flame Tongue      |    67 |    93 |   276 |   291 ||   727
       Conjure Flame     |     2 |     3 |     3 |     3 ||    11
       Sticky Flame      |       |     5 |    13 |    55 ||    73
       Fireball          |       |       |    16 |    62 ||    78
       Repel Missiles    |       |       |     1 |     1 ||     2
       Orb of Destructio |       |       |       |     1 ||     1
  Use: Potion            |     2 |     5 |     9 |     5 ||    21
       Scroll            |       |       |    14 |     5 ||    19
 Stab: Sleeping          |       |       |       |     1 ||     1
  Eat: Chunk             |     2 |    11 |    23 |    30 ||    66
       Fruit             |       |     1 |     1 |     4 ||     6
Armor: Robe              |     1 |    11 |    27 |    13 ||    52
       Troll leather arm |       |       |       |     9 ||     9
       Steam dragon scal |       |       |       |    11 ||    11
Dodge: Dodged            |    21 |    29 |   154 |   154 ||   358
       Deflected         |       |       |     2 |       ||     2
Block: Buckler           |       |       |    58 |    99 ||   157
       Reflection        |       |       |     1 |     2 ||     3
